 Dungeon Crawl Stone Soup version 0.15-a0-357-gf0ffff9 (webtiles) character file.

15757 thrio the Fencer (level 11, 0/102 HPs)
             Began as a Minotaur Gladiator on May 3, 2014.
             Was a High Priest of Okawaru.
             Slain by a 11-headed hydra (2 damage)
             ... on Level 1 of the Shoals.
             The game lasted 01:02:34 (13851 turns).

thrio the Fencer (Minotaur Gladiator)              Turns: 13851, Time: 01:02:35

HP   0/102       AC 20     Str 24      XL: 11   Next: 96%
MP   4/4         EV  7     Int  5      God: Okawaru [*****.]
Gold 722         SH  0     Dex 10      Spells:  0 memorised, 10 levels left

rFire  . . .     SeeInvis .     o - +4,+6 long sword (slice)
rCold  . . .     Clarity  .     g - +2 plate armour
rNeg   . . .     Conserve .     (no shield)
rPois  .         rCorr    .     c - +0 hat (curse)
rElec  .         rRot     .     (no cloak)
SustAb . .       Spirit   .     (no gloves)
rMut   .         Warding  .     V - +2 pair of boots {Stlth+}
Saprov . . .     Stasis   .     (no amulet)
MR     .....                    (no ring)
                                (no ring)

@: not resistant to hostile enchantments, extremely unstealthy
A: retaliatory headbutt, horns 2
a: Heroism, Finesse, Renounce Religion


You were on level 1 of the Shoals.
You worshipped Okawaru.
Okawaru was extremely pleased with you.
You were full.

You visited 4 branches of the dungeon, and saw 15 of its levels.
You also visited: Labyrinth.

You collected 793 gold pieces.
You spent 71 gold pieces at shops.

Inventory:

Hand weapons
 a - a +0,+0 long sword of slicing
 o - a +4,+6 long sword of slicing (weapon)
 y - the +7,+7 bardiche of Klepp {chop, *Tele +Fly rF+ Str+2}
   (You found it on level 4 of the Lair of Beasts)

   It inflicts extra damage upon your enemies.
   It affects your strength (+2).
   It protects you from fire.
   It lets you fly.
   It causes random teleportation.
Missiles
 d - 3 throwing nets (quivered)
Armour
 b - a +0 leather armour
 c - a cursed +0 hat (worn)
 g - a +2 plate armour (worn)
 V - a +2 pair of boots of stealth (worn)
Magical devices
 k - a wand of confusion (24) {unknown}
 l - a wand of flame (8)
 v - a wand of flame (16)
 E - a wand of paralysis (15) {unknown}
 I - a wand of fireball (4) {unknown}
 M - a wand of draining (7) {unknown}
 W - a wand of digging (20) {unknown}
 X - a wand of disintegration (12) {unknown}
Comestibles
 f - 2 pears
 z - 2 bread rations
 A - a banana
 B - a beef jerky
 G - 6 apples
 H - 9 cheeses
 P - a meat ration
 U - 12 strawberries
Scrolls
 h - 3 scrolls of amnesia
 m - 5 scrolls of identify
 n - 6 scrolls of remove curse
 x - 2 scrolls of fear
 C - 4 scrolls of teleportation
 Q - 2 scrolls of blinking
Jewellery
 N - a +3 ring of intelligence
Potions
 e - 11 potions of curing {unknown}
 i - a potion of magic {unknown}
 j - 2 potions of lignification {unknown}
 p - 2 potions of degeneration {unknown}
 q - a potion of restore abilities {unknown}
 r - a potion of resistance {unknown}
 s - 3 potions of poison {unknown}
 t - a potion of confusion {unknown}
 u - a potion of might {unknown}
 w - a potion of brilliance {unknown}
 K - 2 potions of flight {unknown}
 L - a potion of paralysis {unknown}
 O - 4 potions of heal wounds
 S - a potion of haste {unknown}
 T - a potion of cure mutation {unknown}
Miscellaneous
 F - a lamp of fire
Rods
 J - a +1 lightning rod (9/9)
   (You took it off a minotaur in a labyrinth)


   Skills:
 * Level 11.4 Fighting
 + Level 15.1 Long Blades
 * Level 2.2 Maces & Flails
 + Level 2.1 Throwing
 + Level 11.3 Armour
 - Level 6.3 Dodging
 + Level 1.0 Stealth


You had 10 spell levels left.
You didn't know any spells.

Dungeon Overview and Level Annotations

Branches:
Dungeon (9/15)             Temple (1/1) D:7            Lair (4/8) D:9
 Shoals (1/5) Lair:4
    Orc: D:9-12       Swamp: Lair:3-6     Snake: Lair:3-6    Spider: Lair:3-6

Altars:
Cheibriados
Elyvilon
Fedhas
Makhleb
Nemelex Xobeh
Okawaru
Trog
Vehumet
Yredelemnul
Zin
The Shining One

Shops:
D:4 ?   D:5 *?(


Innate Abilities, Weirdness & Mutations

You reflexively headbutt those who attack you in melee.
You have a pair of horns on your head.


Message History

You slice one of the ten-headed hydra's heads off!
The nine-headed hydra grows two more!
You hit the 11-headed hydra.
The 11-headed hydra is heavily wounded.
The griffon bites you but does no damage.
The griffon pecks you but does no damage.
The griffon claws you but does no damage.
The 11-headed hydra barely misses you.
The 11-headed hydra bites you but does no damage.
The 11-headed hydra bites you!
* * * LOW HITPOINT WARNING * * *
The 11-headed hydra bites you.
* * * LOW HITPOINT WARNING * * *
The 11-headed hydra bites you but does no damage.
The 11-headed hydra bites you.
* * * LOW HITPOINT WARNING * * *
The 11-headed hydra bites you but does no damage.
The 11-headed hydra bites you!
* * * LOW HITPOINT WARNING * * *
The 11-headed hydra bites you.
You die...

≈ ≈≈≈ ≈≈≈≈ .≈≈≈≈
##########≈≈≈≈≈≈≈
.m.....D@≈≈≈≈≈≈≈≈
.....≈≈H≈≈≈≈≈≈≈≈≈
...≈≈≈≈≈≈≈≈≈≈≈≈
...≈≈≈≈≈≈≈≈≈≈≈≈
#..≈≈≈≈≈≈≈≈≈≈≈≈
..≈≈≈≈≈≈≈≈≈≈≈
≈≈≈≈≈≈≈≈≈≈≈
≈≈≈≈≈≈≈≈≈ ≈≈≈


You could see a merfolk impaler, a 11-headed hydra and a griffon.

Vanquished Creatures
  A minotaur (Lab)
  An elephant (D:9)
  A black mamba (Lair:2)
  6 spiny frogs
  3 komodo dragons
  A two-headed ogre (D:9)
  3 blink frogs (Lair:3)
  A snapping turtle (Lair:4)
  A basilisk (Lair:4)
  17 yaks
  A shark (Lair:4)
  Eustachio (D:9)
  A hill giant zombie (D:9)
  3 hippogriffs
  11 wolves
  Edmund (D:8)
  A porcupine (Lair:2)
  A sky beast (D:7)
  3 water moccasins
  2 orc warriors
  Purgy (D:4)
  2 ice beasts
  A black bear (Lair:3)
  2 phantoms (D:4)
  5 ogres
  A boring beetle (Lair:1)
  9 crocodiles
  3 giant slugs
  A big kobold (D:9)
  9 giant frogs
  A gnoll sergeant (D:9)
  A cyclops skeleton (D:9)
  2 electric eels
  4 killer bees (D:7)
  2 crimson imps
  A quasit (D:5)
  6 hounds
  A goliath beetle (D:7)
  5 orc priests
  9 iguanas
  4 worker ants
  8 orc wizards
  A two-headed ogre skeleton (D:9)
  An orange rat (D:7)
  A sheep (D:9)
  An ogre skeleton (D:7)
  A mummy (D:7)
  12 adders
  13 gnolls
  12 green rats
  3 giant mites
  5 worms
  An iguana skeleton (D:5)
  3 giant geckos
  3 oozes
  35 orcs
  2 ball pythons
  A bat skeleton (D:7)
  2 giant cockroaches
  7 goblins
  16 hobgoblins
  7 jackals
  8 quokkas
  17 bats
  2 giant newts
  A giant spore (D:7)
  14 kobolds
  22 rats
  2 rat skeletons
  A rat zombie (D:7)
  3 ballistomycetes (D:7)
  A fungus (Lair:3)
  2 plants (Lair:4)
338 creatures vanquished.

Vanquished Creatures (others)
  A quokka (D:4)
  A fungus (Lair:2)
2 creatures vanquished.

Grand Total: 340 creatures vanquished

Notes
Turn   | Place    | Note
--------------------------------------------------------------
     0 | D:1      | thrio, the Minotaur Gladiator, began the quest for the Orb.
     0 | D:1      | Reached XP level 1. HP: 18/18 MP: 1/1
   218 | D:1      | You fall through a shaft!
   292 | D:2      | Reached skill level 4 in Long Blades
   335 | D:2      | Reached XP level 2. HP: 22/25 MP: 1/1
   399 | D:2      | Found a radiant altar of Vehumet.
   624 | D:2      | Reached XP level 3. HP: 30/30 MP: 2/2
   760 | D:3      | Noticed a giant frog
   771 | D:3      | Killed a giant frog
   771 | D:3      | Reached skill level 1 in Armour
   771 | D:3      | Reached XP level 4. HP: 12/37 MP: 2/2
   781 | D:3      | Reached skill level 5 in Long Blades
   791 | D:3      | Reached XP level 5. HP: 3/45 MP: 2/2
  1954 | D:3      | Found a blossoming altar of Fedhas.
  2217 | D:4      | Found a white marble altar of Elyvilon.
  2219 | D:4      | Found Guxy's Magic Scroll Boutique.
  2334 | D:4      | Reached XP level 6. HP: 50/52 MP: 3/3
  2383 | D:4      | Noticed a phantom
  2394 | D:4      | Killed a phantom
  2394 | D:4      | Reached skill level 6 in Long Blades
  3002 | D:4      | Noticed a phantom
  3024 | D:4      | Killed a phantom
  3024 | D:4      | Reached XP level 7. HP: 52/60 MP: 3/3
  3178 | D:4      | Noticed Purgy
  3185 | D:4      | Killed Purgy
  3185 | D:4      | Reached skill level 7 in Long Blades
  3498 | D:5      | Entered Level 5 of the Dungeon
  3565 | D:5      | HP: 3/60 [ice beast (7)]
  3566 | D:5      | Reached skill level 5 in Fighting
  4256 | D:5      | Found Thikh's Antique Weapon Shoppe.
  4297 | D:5      | Found Cirhil's General Store.
  4308 | D:5      | Reached skill level 5 in Armour
  4434 | D:5      | Found Mumovvidd's Magic Scroll Shoppe.
  4444 | D:5      | Bought a scroll of enchant weapon II for 71 gold pieces
  4933 | D:6      | Reached XP level 8. HP: 66/69 MP: 3/3
  5028 | D:6      | Reached skill level 8 in Long Blades
  5213 | D:6      | Found a glowing golden altar of the Shining One.
  5429 | D:6      | Reached skill level 5 in Dodging
  5551 | D:7      | Identified the Handbook of Assistive Dislocation (You found it on level 7 of the Dungeon)
  5605 | D:7      | Reached skill level 9 in Long Blades
  6128 | D:7      | Found a staircase to the Ecumenical Temple.
  6161 | Temple   | Entered the Ecumenical Temple
  6260 | Temple   | Became a worshipper of Warmaster Okawaru
  6302 | D:7      | Reached skill level 10 in Long Blades
  6302 | D:7      | Reached XP level 9. HP: 69/78 MP: 4/4
  6736 | D:8      | Noticed Edmund
  6743 | D:8      | Killed Edmund
  7017 | D:8      | Reached skill level 11 in Long Blades
  7444 | D:9      | Acquired Okawaru's first power
  7812 | D:9      | Noticed an elephant
  7836 | D:9      | Killed an elephant
  7836 | D:9      | Reached skill level 12 in Long Blades
  7843 | D:9      | Reached XP level 10. HP: 57/88 MP: 4/4
  7864 | D:9      | Found a staircase to the Lair.
  8224 | D:9      | Found a glowing silver altar of Zin.
  8540 | D:9      | Noticed Eustachio
  8554 | D:9      | Killed Eustachio
  8660 | Lair:1   | Entered Level 1 of the Lair of Beasts
  9025 | Lair:1   | Reached skill level 13 in Long Blades
  9676 | Lair:1   | Reached XP level 11. HP: 72/99 MP: 4/4
  9711 | Lair:1   | HP: 2/99 [boring beetle (27)]
  9814 | Lair:1   | Acquired Okawaru's second power
 10107 | Lair:1   | Reached skill level 14 in Long Blades
 10285 | Lair:1   | Reached skill level 10 in Fighting
 10285 | Lair:1   | Reached skill level 10 in Armour
 11433 | Lair:2   | Received a gift from Okawaru
 11980 | Lair:3   | Found a labyrinth entrance.
 11990 | Lab      | Entered a labyrinth
 12710 | Lab      | Noticed a minotaur
 12719 | Lab      | Killed a minotaur
 12728 | Lab      | Identified the Compendium of Summoning and Weightlessness
 13060 | Lair:3   | Reached skill level 15 in Long Blades
 13082 | Lair:3   | Reached skill level 1 in Maces & Flails
 13586 | Lair:4   | Got a polished bardiche
 13587 | Lair:4   | Identified the +7,+7 bardiche of Klepp {chop, *Tele +Fly rF+ Str+2} (You found it on level 4 of the Lair of Beasts)
 13655 | Lair:4   | Reached skill level 1 in Stealth
 13801 | Lair:4   | Found a staircase to the Shoals.
 13832 | Lair:4   | Noticed a seven-headed hydra
 13846 | Shoals:1 | Entered Level 1 of the Shoals
 13850 | Shoals:1 | Noticed a merfolk impaler
 13851 | Shoals:1 | HP: 2/102 [11-headed hydra (9)]
 13851 | Shoals:1 | Slain by a 11-headed hydra

Action                   |  1- 3 |  4- 6 |  7- 9 | 10-12 || total
-------------------------+-------+-------+-------+-------++-------
Melee: Long sword        |    54 |   144 |   345 |   498 ||  1041
  Use: Potion            |       |     3 |     2 |     1 ||     6
       Scroll            |       |     5 |     9 |     8 ||    22
